TOP OF THE 1ST |
Springfield Shooters batting - Pitching for Ft. Polk South Thunder Hawks : LHP António Morterero
|
Pitching: LHP António Morterero
|
|
Batting: RHB Yasukazu Yano
|
0-0: Ground out 5-3 (Groundball, 5L, EV 93.8 MPH)
|
Batting: RHB Gabriel Luzuriaga
|
0-0: Swinging Strike 0-1: Swinging Strike 0-2: Ball 1-2: Foul Ball, location: 2F 1-2: SINGLE (Groundball, 5D, EV 94.4 MPH)
|
Batting: RHB Júlio Chacón
|
0-0: Foul Ball, location: 2F 0-1: Foul Ball, location: 2F 0-2: Foul Ball, location: 2F 0-2: Ball 1-2: Fielders Choice at 2nd, 5-4 (Groundball, 56S, EV 86.9 MPH)
|
Batting: RHB Bo Rajat
|
0-0: Ball 1-0: Called Strike 1-1: Ball 2-1: Ball 3-1: Called Strike 3-2: Base on Balls Júlio Chacón to second
|
Batting: RHB Bang Aang
|
0-0: Called Strike 0-1: Fielders Choice at 2nd, 6-4 (Groundball, 6, EV 86.9 MPH)
|
Top of the 1st over - 0 runs, 1 hit, 0 errors, 2 left on base; Springfield 0 - Ft. Polk South 0 |
BOTTOM OF THE 1ST |
Ft. Polk South Thunder Hawks batting - Pitching for Springfield Shooters : RHP Mario Fuentes
|
Pitching: RHP Mario Fuentes
|
|
Batting: SHB Francisco Daulong
|
0-0: Fly out, F7 (Flyball, 7S, EV 88.1 MPH)
|
Batting: LHB Gabriel Obregón
|
0-0: Ball 1-0: TRIPLE (Line Drive, 8RXD, EV 101.2 MPH)
|
Batting: LHB Remco Mastenbroek
|
0-0: Called Strike 0-1: Swinging Strike 0-2: Ball 1-2: Foul Ball, location: 2F 1-2: Ball 2-2: Ball 3-2: Base on Balls
|
Batting: LHB Jorge Agramunt
|
0-0: Called Strike 0-1: Ball 1-1: Swinging Strike 1-2: Ball 2-2: 3-RUN HOME RUN (Flyball, 78XD, EV 106.2 MPH), Distance : 369 ft
|
Batting: RHB Aubrey Miller
|
0-0: Called Strike 0-1: Swinging Strike 0-2: Ball 1-2: Fly out, F8 (Flyball, 8LD, EV 100.0 MPH)
|
Batting: LHB Tim Carson
|
0-0: Ball 1-0: Ball 2-0: Ground out 4-3 (Groundball, 4, EV 98.8 MPH)
|
Bottom of the 1st over - 3 runs, 2 hits, 0 errors, 0 left on base; Springfield 0 - Ft. Polk South 3 |
TOP OF THE 2ND |
Springfield Shooters batting - Pitching for Ft. Polk South Thunder Hawks : LHP António Morterero
|
Batting: RHB Shi-xian Zhào
|
0-0: Ball 1-0: Called Strike 1-1: Ball 2-1: Ball 3-1: Base on Balls
|
Batting: LHB Bartolo Tasis
|
0-0: Ball 1-0: Ball 2-0: SINGLE (Line Drive, 9S, EV 106.2 MPH) Shi-xian Zhào to second
|
Batting: RHB Freddie Butterworth
|
0-0: Called Strike 0-1: Ball Wild Pitch! Shi-xian Zhào to third Bartolo Tasis to second 1-1: Foul Ball, location: 2F 1-2: Foul Ball, location: 2F 1-2: Foul Ball, location: 2F 1-2: Ground out 5-3 (Groundball, 56S, EV 85.6 MPH) Shi-xian Zhào scores
|
Batting: LHB Ken Jackson
|
0-0: Ball 1-0: Ball 2-0: Ball 3-0: Called Strike 3-1: Fly out, F9 (Flyball, 89S, EV 85.0 MPH)
|
Batting: RHB Yasukazu Yano
|
0-0: Ball 1-0: Ball 2-0: Foul Ball, location: 2F 2-1: Called Strike 2-2: Ball 3-2: Foul Ball, location: 2F 3-2: Base on Balls
|
Batting: RHB Gabriel Luzuriaga
|
0-0: Ball 1-0: Fielders Choice at 2nd, 5-4 (Groundball, 5, EV 86.9 MPH)
|
Top of the 2nd over - 1 run, 1 hit, 0 errors, 2 left on base; Springfield 1 - Ft. Polk South 3 |
BOTTOM OF THE 2ND |
Ft. Polk South Thunder Hawks batting - Pitching for Springfield Shooters : RHP Mario Fuentes
|
Batting: RHB Dermott Mann
|
0-0: Ball 1-0: Ball 2-0: SINGLE (Groundball, 56D, EV 95.6 MPH)
|
Batting: RHB Tora Tora
|
0-0: Grounds into double play, 1-6-3 (Groundball, 13S, EV 66.2 MPH)
|
Batting: RHB Raúl Colomo
|
0-0: Ball 1-0: Foul Ball, location: 2F 1-1: Ground out 6-3 (Groundball, 6MS, EV 81.9 MPH)
|
Bottom of the 2nd over - 0 runs, 1 hit, 0 errors, 0 left on base; Springfield 1 - Ft. Polk South 3 |
TOP OF THE 3RD |
Springfield Shooters batting - Pitching for Ft. Polk South Thunder Hawks : LHP António Morterero
|
Batting: RHB Júlio Chacón
|
0-0: Called Strike 0-1: Foul Ball, location: 2F 0-2: Foul Ball, location: 2F 0-2: Ball 1-2: Ball 2-2: Ball 3-2: Foul Ball, location: 2F 3-2: Foul Ball, location: 2F 3-2: Foul Ball, location: 2F 3-2: SINGLE (Line Drive, 78M, EV 96.9 MPH)
|
Batting: RHB Bo Rajat
|
0-0: Called Strike 0-1: Ball 1-1: Called Strike 1-2: Strikes out looking
|
Batting: RHB Bang Aang
|
0-0: Fly out, F9 (Flyball, 9LS, EV 93.8 MPH)
|
Batting: RHB Shi-xian Zhào
|
0-0: Ball 1-0: Called Strike 1-1: Fly out, F3 (Popup, 3SF, EV 76.2 MPH)
|
Top of the 3rd over - 0 runs, 1 hit, 0 errors, 1 left on base; Springfield 1 - Ft. Polk South 3 |
BOTTOM OF THE 3RD |
Ft. Polk South Thunder Hawks batting - Pitching for Springfield Shooters : RHP Mario Fuentes
|
Batting: SHB Francisco Daulong
|
0-0: Ball 1-0: Foul Ball, location: 2F 1-1: Ball 2-1: Foul Ball, location: 2F 2-2: Ball 3-2: Fly out, F8 (Line Drive, 8RM, EV 94.4 MPH)
|
Batting: LHB Gabriel Obregón
|
0-0: Ball 1-0: Ball 2-0: Foul Ball, location: 2F 2-1: Ball 3-1: Ground out 1-3 (Groundball, 25, EV 86.2 MPH)
|
Batting: LHB Remco Mastenbroek
|
0-0: SINGLE (Line Drive, 9LS, EV 91.9 MPH)
|
Batting: LHB Jorge Agramunt
|
0-0: Ball 1-0: SINGLE (Groundball, 34D, EV 105.0 MPH) Remco Mastenbroek to second Runner from 2nd tries for 3rd, SAFE, no throw by RF
|
Batting: RHB Aubrey Miller
|
0-0: Ball 1-0: Swinging Strike 1-1: SINGLE (Groundball, 6MD, EV 101.2 MPH) Remco Mastenbroek scores Jorge Agramunt to second Runner from 2nd tries for 3rd, SAFE, no throw by CF
|
Batting: LHB Tim Carson
|
0-0: Ball 1-0: Foul Ball, location: 2F 1-1: Ball 2-1: Swinging Strike 2-2: Foul Ball, location: 2F 2-2: SINGLE (Groundball, 3, EV 109.4 MPH) (infield hit) Jorge Agramunt scores Aubrey Miller to second
|
Batting: RHB Dermott Mann
|
0-0: Called Strike 0-1: Ball 1-1: Ball 2-1: Called Strike 2-2: Foul Ball, location: 2F 2-2: Foul Ball, location: 2F 2-2: Ball 3-2: Fly out, F8 (Flyball, 8RS, EV 93.1 MPH)
|
Bottom of the 3rd over - 2 runs, 4 hits, 0 errors, 2 left on base; Springfield 1 - Ft. Polk South 5 |
TOP OF THE 4TH |
Springfield Shooters batting - Pitching for Ft. Polk South Thunder Hawks : LHP António Morterero
|
Batting: LHB Bartolo Tasis
|
0-0: Called Strike 0-1: Foul Ball, location: 2F 0-2: Strikes out swinging
|
Batting: RHB Freddie Butterworth
|
0-0: Called Strike 0-1: Swinging Strike 0-2: Ball 1-2: Ball 2-2: Ball 3-2: Base on Balls
|
Batting: LHB Ken Jackson
|
0-0: Ball 1-0: Called Strike 1-1: Fly out, F5 (Popup, 5L, EV 60.0 MPH)
|
Batting: RHB Yasukazu Yano
|
0-0: Ball 1-0: Ball 2-0: Called Strike 2-1: Ball 3-1: Foul Ball, location: 2F 3-2: Foul Ball, location: 2F 3-2: Base on Balls Freddie Butterworth to second
|
Pitching: LHP Wynn Kelley
|
|
Batting: RHB Gabriel Luzuriaga
|
0-0: Called Strike 0-1: Ball 1-1: Ball 2-1: DOUBLE (Line Drive, 9LM, EV 93.1 MPH) Freddie Butterworth scores Yasukazu Yano to third Runner from 3rd tries for Home, SAFE, throw by RF to trailing runner, OUT at third! 9-4-5
|
Top of the 4th over - 2 runs, 1 hit, 0 errors, 0 left on base; Springfield 3 - Ft. Polk South 5 |
BOTTOM OF THE 4TH |
Ft. Polk South Thunder Hawks batting - Pitching for Springfield Shooters : RHP Mario Fuentes
|
Batting: RHB Tora Tora
|
0-0: Swinging Strike 0-1: Foul Ball, location: 2F 0-2: Strikes out looking
|
Batting: RHB Raúl Colomo
|
0-0: Ball 1-0: Called Strike 1-1: Foul Ball, location: 2F 1-2: Foul Ball, location: 2F 1-2: Ball 2-2: Ball 3-2: Strikes out swinging
|
Batting: SHB Francisco Daulong
|
0-0: Fly out, F7 (Line Drive, 7, EV 95.6 MPH)
|
Bottom of the 4th over - 0 runs, 0 hits, 0 errors, 0 left on base; Springfield 3 - Ft. Polk South 5 |
TOP OF THE 5TH |
Springfield Shooters batting - Pitching for Ft. Polk South Thunder Hawks : LHP Wynn Kelley
|
Batting: RHB Júlio Chacón
|
0-0: Ball 1-0: Foul Ball, location: 2F 1-1: Foul Ball, location: 2F 1-2: Ball 2-2: Foul Ball, location: 2F 2-2: Foul Ball, location: 2F 2-2: Fly out, F8 (Flyball, 89XD, EV 110.6 MPH)
|
Batting: RHB Bo Rajat
|
0-0: Foul Ball, location: 2F 0-1: Ball 1-1: Ball 2-1: Ball 3-1: Foul Ball, location: 2F 3-2: Foul Ball, location: 2F 3-2: Foul Ball, location: 2F 3-2: Ground out 4-3 (Groundball, 4M, EV 101.9 MPH)
|
Batting: RHB Bang Aang
|
0-0: Called Strike 0-1: Ball 1-1: Called Strike 1-2: Ball 2-2: Foul Ball, location: 2F 2-2: Foul Ball, location: 2F 2-2: Ball 3-2: Base on Balls
|
Batting: RHB Shi-xian Zhào
|
0-0: Ball 1-0: Called Strike 1-1: Called Strike Bang Aang steals 2nd base (no throw) 1-2: Foul Ball, location: 2F 1-2: Ball 2-2: Foul Ball, location: 2F 2-2: Ball 3-2: SINGLE (Groundball, 25, EV 66.2 MPH) (infield hit) Bang Aang to third
|
Batting: LHB Bartolo Tasis
|
0-0: Ball 1-0: Called Strike 1-1: SINGLE (Groundball, 34, EV 99.4 MPH) (infield hit) Bang Aang scores Shi-xian Zhào to second
|
Batting: RHB Freddie Butterworth
|
0-0: Ball 1-0: Ball 2-0: Ball 3-0: Base on Balls Shi-xian Zhào to third Bartolo Tasis to second
|
Batting: LHB Ken Jackson
|
0-0: Fly out, F9 (Flyball, 9S, EV 90.6 MPH)
|
Top of the 5th over - 1 run, 2 hits, 0 errors, 3 left on base; Springfield 4 - Ft. Polk South 5 |
BOTTOM OF THE 5TH |
Ft. Polk South Thunder Hawks batting - Pitching for Springfield Shooters : RHP Mario Fuentes
|
Batting: LHB Gabriel Obregón
|
0-0: Ball 1-0: Ball 2-0: Called Strike 2-1: Foul Ball, location: 2F 2-2: Foul Ball, location: 2F 2-2: Foul Ball, location: 2F 2-2: Ground out 4-3 (Groundball, 4, EV 78.8 MPH)
|
Batting: LHB Remco Mastenbroek
|
0-0: Ball 1-0: Ball 2-0: Ball 3-0: Called Strike 3-1: Base on Balls
|
Pitching: LHP Vasquo Lousada
|
|
Batting: LHB Jorge Agramunt
|
0-0: Called Strike 0-1: Ball 1-1: Fly out, F8 (Flyball, 8RD, EV 93.1 MPH)
|
Batting: RHB Aubrey Miller
|
0-0: Called Strike Remco Mastenbroek steals 2nd base 0-1: Ball 1-1: Intentional Walk
|
Batting: LHB Tim Carson
|
0-0: Called Strike 0-1: Ball 1-1: SINGLE (Groundball, 3D, EV 97.5 MPH) Remco Mastenbroek to third Aubrey Miller to second Runner from 3rd tries for Home, SAFE, no throw by RF
|
Batting: RHB Dermott Mann
|
0-0: Ball 1-0: Fielders Choice at 2nd, 5-4 (Groundball, 56, EV 98.1 MPH)
|
Bottom of the 5th over - 1 run, 1 hit, 0 errors, 2 left on base; Springfield 4 - Ft. Polk South 6 |
TOP OF THE 6TH |
Springfield Shooters batting - Pitching for Ft. Polk South Thunder Hawks : LHP Wynn Kelley
|
Batting: RHB Yasukazu Yano
|
0-0: Swinging Strike 0-1: SINGLE (Groundball, 6MD, EV 107.5 MPH)
|
Pitching: RHP Sean Kennedy
|
|
Batting: RHB Gabriel Luzuriaga
|
0-0: Ball 1-0: Ball Yasukazu Yano steals 2nd base 2-0: SINGLE (Groundball, 56D, EV 95.6 MPH) Yasukazu Yano to third
|
Batting: RHB Júlio Chacón
|
0-0: Called Strike 0-1: Swinging Strike 0-2: Ball 1-2: SINGLE (Line Drive, 9LM, EV 98.8 MPH) Yasukazu Yano scores Gabriel Luzuriaga to second
|
Batting: RHB Bo Rajat
|
0-0: Called Strike 0-1: Ball 1-1: Grounds into double play, 6-4-3 (Groundball, 6M, EV 88.1 MPH) Gabriel Luzuriaga to third
|
Batting: RHB Bang Aang
|
0-0: Ground out 1-3 (Groundball, 34S, EV 78.1 MPH)
|
Top of the 6th over - 1 run, 3 hits, 0 errors, 1 left on base; Springfield 5 - Ft. Polk South 6 |
BOTTOM OF THE 6TH |
Ft. Polk South Thunder Hawks batting - Pitching for Springfield Shooters : LHP Vasquo Lousada
|
Batting: RHB Tora Tora
|
0-0: Ball 1-0: Ball 2-0: Called Strike 2-1: Called Strike 2-2: Ground out 3-1 (Groundball, 34, EV 90.6 MPH)
|
Batting: RHB Raúl Colomo
|
0-0: Ball 1-0: Ground out 1-3 (Groundball, 34S, EV 88.1 MPH)
|
Batting: SHB Francisco Daulong
|
0-0: Called Strike 0-1: Called Strike 0-2: Ball 1-2: Ball 2-2: Strikes out swinging
|
Bottom of the 6th over - 0 runs, 0 hits, 0 errors, 0 left on base; Springfield 5 - Ft. Polk South 6 |
TOP OF THE 7TH |
Springfield Shooters batting - Pitching for Ft. Polk South Thunder Hawks : RHP Sean Kennedy
|
Batting: RHB Shi-xian Zhào
|
0-0: Foul Ball, location: 2F 0-1: Foul Ball, location: 2F 0-2: Foul Ball, location: 2F 0-2: Strikes out swinging
|
Batting: LHB Bartolo Tasis
|
0-0: Foul Ball, location: 2F 0-1: Foul Ball, location: 2F 0-2: Ball 1-2: Strikes out looking
|
Batting: RHB Freddie Butterworth
|
0-0: Ball 1-0: Foul Ball, location: 2F 1-1: Called Strike 1-2: Ball 2-2: Strikes out swinging
|
Top of the 7th over - 0 runs, 0 hits, 0 errors, 0 left on base; Springfield 5 - Ft. Polk South 6 |
BOTTOM OF THE 7TH |
Ft. Polk South Thunder Hawks batting - Pitching for Springfield Shooters : LHP Vasquo Lousada
|
Pitching: RHP Li-chi Lou
|
|
Batting: LHB Gabriel Obregón
|
0-0: Foul Ball, location: 2F 0-1: Ball 1-1: Ball 2-1: Ball 3-1: Base on Balls
|
Batting: LHB Remco Mastenbroek
|
0-0: Ball 1-0: Ball 2-0: Fly out, F7 (Flyball, 7LS, EV 88.1 MPH)
|
Batting: LHB Jorge Agramunt
|
0-0: Swinging Strike 0-1: Fielders Choice at 2nd, 4-6 (Groundball, 4, EV 81.2 MPH)
|
Batting: RHB Aubrey Miller
|
0-0: Fielders Choice at 2nd, 5-4 (Groundball, 56, EV 80.6 MPH)
|
Bottom of the 7th over - 0 runs, 0 hits, 0 errors, 1 left on base; Springfield 5 - Ft. Polk South 6 |
TOP OF THE 8TH |
Springfield Shooters batting - Pitching for Ft. Polk South Thunder Hawks : RHP Sean Kennedy
|
Batting: LHB Ken Jackson
|
0-0: Ball 1-0: Fly out, F9 (Flyball, 9, EV 88.1 MPH)
|
Batting: RHB Yasukazu Yano
|
0-0: Foul Ball, location: 2F 0-1: Ball 1-1: Foul Ball, location: 2F 1-2: Fly out, F4 (Line Drive, 4, EV 67.5 MPH)
|
Batting: RHB Gabriel Luzuriaga
|
0-0: Called Strike 0-1: SINGLE (Groundball, 34, EV 80.6 MPH) (infield hit)
|
Batting: RHB Júlio Chacón
|
0-0: Called Strike 0-1: Ball 1-1: Fly out, F7 (Flyball, 7LS, EV 78.1 MPH)
|
Top of the 8th over - 0 runs, 1 hit, 0 errors, 1 left on base; Springfield 5 - Ft. Polk South 6 |
BOTTOM OF THE 8TH |
Ft. Polk South Thunder Hawks batting - Pitching for Springfield Shooters : RHP Li-chi Lou
|
Batting: LHB Tim Carson
|
0-0: Called Strike 0-1: Swinging Strike 0-2: Ball 1-2: Strikes out looking
|
Batting: RHB Dermott Mann
|
0-0: Ball 1-0: Foul Ball, location: 2F 1-1: Ground out 5-3 (Groundball, 5, EV 81.2 MPH)
|
Batting: RHB Tora Tora
|
0-0: Called Strike 0-1: Called Strike 0-2: Strikes out swinging
|
Bottom of the 8th over - 0 runs, 0 hits, 0 errors, 0 left on base; Springfield 5 - Ft. Polk South 6 |
TOP OF THE 9TH |
Springfield Shooters batting - Pitching for Ft. Polk South Thunder Hawks : RHP Sean Kennedy
|
Batting: RHB Bo Rajat
|
0-0: Called Strike 0-1: Ball 1-1: Swinging Strike 1-2: Ball 2-2: Foul Ball, location: 2F 2-2: Foul Ball, location: 2F 2-2: Strikes out swinging
|
Batting: RHB Bang Aang
|
0-0: Ground out 6-3 (Groundball, 6, EV 81.2 MPH)
|
Batting: RHB Shi-xian Zhào
|
0-0: Ball 1-0: Ball 2-0: SINGLE (Line Drive, 8RS, EV 99.4 MPH)
|
Pitching: RHP Jeremy Bearimy
|
|
Batting: LHB Bartolo Tasis
|
0-0: Ball 1-0: Ball 2-0: Called Strike 2-1: SINGLE (Groundball, 4D, EV 103.1 MPH) Shi-xian Zhào to second Runner from 2nd tries for 3rd, SAFE, no throw by CF
|
Batting: RHB Freddie Butterworth
|
0-0: Fly out, F7 (Flyball, 7LSF, EV 88.1 MPH)
|
Top of the 9th over - 0 runs, 2 hits, 0 errors, 2 left on base; Springfield 5 - Ft. Polk South 6 |
|